 Dungeon Crawl Stone Soup version 0.26.0-20-g3ca415f5b8 (webtiles) character file.

Game seed: 17937136616119625994

30 Acheron the Ducker (level 3, -2/19 HPs)
             Began as a Spriggan Abyssal Knight on Jan 24, 2021.
             Was a Follower of Lugonu.
             Slain by a wyvern (9 damage)
             ... on level 10 of the Dungeon.
             The game lasted 00:07:14 (1702 turns).

Acheron the Ducker (Spriggan Abyssal Knight)        Turns: 1702, Time: 00:07:15

Health: -2/19      AC:  3    Str:  8    XL:     3   Next: 5%
Magic:  5/5        EV: 19    Int: 13    God:    Lugonu [*.....]
Gold:   50         SH:  0    Dex: 16    Spells: 2/2 levels left

rFire    . . .     SeeInvis +   a - +2 short sword
rCold    . . .     Faith    .   (shield restricted)
rNeg     . . .     Spirit   .   b - +1 robe
rPois    .         Reflect  .   (helmet restricted)
rElec    .         Harm     .   (no cloak)
rCorr    .         Rampage  .   (gloves unavailable)
Will     .....                  (boots unavailable)
Stlth    ++........             (no amulet)
HPRegen  0.06/turn              (no ring)
MPRegen  0.09/turn              (no ring)

@: very quick
A: very small, unfitting armour, see invisible, speed 3
a: Renounce Religion, Depart the Abyss


You were on level 10 of the Dungeon.
You worshipped Lugonu.
Lugonu was aware of your devotion.
You visited 1 branch of the dungeon, and saw 10 of its levels.
You visited the Abyss 1 time.

You collected 50 gold pieces.

Inventory:

Hand Weapons
 a - a +2 short sword (weapon)
Missiles
 j - 28 poisoned darts
Armour
 b - a +1 robe (worn)
 f - a scarf of harm
Scrolls
 c - a scroll of identify
 m - a scroll of enchant armour
Potions
 d - a potion of ambrosia {unknown}
 e - 2 potions of degeneration {unknown}
 g - a potion of might
 h - a potion of lignification {unknown}
 k - 4 potions of curing {unknown}
 l - 2 potions of berserk rage {unknown}


   Skills:
 * Level 2.9 Fighting
 * Level 2.6 Short Blades
 * Level 4.1 Dodging
 * Level 1.0 Stealth
 * Level 1.9 Invocations


You had 2 spell levels left.
You didn't know any spells.
Your spell library contained the following spells:

 Spells                   Type           Power        Failure   Level
 Magic Dart               Conj           0%           30%         1
 Blink                    Tloc           N/A          43%         2
 Call Imp                 Summ           0%           43%         2
 Slow                     Hex            0%           43%         2
 Conjure Flame            Conj/Fire      0%           67%         3
 Mephitic Cloud           Conj/Pois/Air  0%           67%         3


Dungeon Overview and Level Annotations

Branches:
Dungeon (10/15)
 Temple: D:4-7         Lair: D:8-11         Orc: D:9-12

Altars:
Cheibriados
Fedhas
Ru
Vehumet
Yredelemnul

Shops:
D:5 *


Innate Abilities, Weirdness & Mutations

You are very small and have problems with some larger weapons.
You are too small for most types of armour.
You have supernaturally acute eyesight. (SInv)
You cover ground extremely quickly.


Message History

A wyvern, a gargoyle and an ice beast come into view.
Found a robe and 11 gold pieces.
There is a stone staircase leading up here.
A vampire comes into view.
As you read the scroll labelled ELAKAY WAHID, it crumbles to dust.
You feel aware of your surroundings.
It was a scroll of magic mapping.
The wyvern closely misses you.
As you read the scroll labelled UTUIFE IXEZA, it crumbles to dust.
It is a scroll of enchant weapon.
Your +1 short sword glows red for a moment.
The wyvern bites you!
Ouch! That really hurt!
A white imp comes into view.
The vampire hits you but does no damage.
The vampire completely misses you. The white imp gestures at you.
The puff of frost misses you.
Found a robe.
The wyvern bites you!
You die...

********,*,**,*
*,,,,,,,,*,*#.##**
*,*****,,*,,,[..,* ****,*
*,,,,,,..#.# ,,,,,*
*,,*,,,..#.# ,,,,,*
*,,****#.#.# ,,,,,*****,,*
#.#.#####
,,,,,,,,,#..#####......5#
,,,,****,#......@.......#
,,,,,* *,#...####lV###..#
*+**,***,#,,,* #9.###..#
*,**,,,,,,,,,***#Y.<....#*
,,**,***,*,,.............#
,,**,* *,,,*#####...[...##
,,,,** *,*,* #########
,,,,* *,*,* ,,,,* *,***


You could see a vampire, a wyvern, a gargoyle, an ice beast and a white imp.

Vanquished Creatures
  An adder (D:4)
  A shadow imp (D:8)
  2 bats (D:2)
  A goblin (D:4)
  A hobgoblin (D:2)
  3 jackals (D:2)
  A quokka (D:5)
  A ball python (D:1)
  A kobold (D:2)
  2 rats (D:3)
14 creatures vanquished.

Vanquished Creatures (others)
  2 fungi (D:8)
  3 plants (D:8)
5 creatures vanquished.

Grand Total: 19 creatures vanquished

Notes
Turn   | Place    | Note
-------+----------+-------------------------------------------
     0 | Abyss:1  | Acheron the Spriggan Abyssal Knight began the quest for the
                  | Orb.
     0 | Abyss:1  | Reached XP level 1. HP: 11/11 MP: 3/3
     6 | D:1      | Escaped the Abyss
    73 | D:2      | Found a snail-covered altar of Cheibriados.
   197 | D:2      | Reached XP level 2. HP: 7/16 MP: 4/4
  1018 | D:4      | Reached skill level 4 in Dodging
  1099 | D:4      | Found a radiant altar of Vehumet.
  1114 | D:5      | Entered Level 5 of the Dungeon
  1214 | D:5      | Found Zivej's Assorted Antiques.
  1225 | D:5      | Found a blossoming altar of Fedhas.
  1252 | D:5      | Found a sacrificial altar of Ru.
  1385 | D:6      | Noticed a black bear
  1402 | D:6      | Found a basalt altar of Yredelemnul.
  1562 | D:8      | Reached skill level 1 in Stealth
  1562 | D:8      | Reached XP level 3. HP: 13/19 MP: 5/5
  1675 | D:9      | Noticed a killer bee
  1675 | D:9      | Noticed a killer bee
  1675 | D:9      | Noticed a killer bee
  1676 | D:9      | Noticed a killer bee
  1681 | D:9      | Noticed a bullfrog
  1690 | D:9      | Noticed a centaur
  1696 | D:10     | Entered Level 10 of the Dungeon
  1696 | D:10     | Noticed a gargoyle
  1696 | D:10     | Noticed a wyvern
  1696 | D:10     | Noticed an ice beast
  1697 | D:10     | Noticed a vampire
  1702 | D:10     | Slain by a wyvern

Illustrated notes

Levels and vault maps discovered:
D:1:      dpeg_arrival_court, layout_rooms
D:2:      layout_basic, general_overflow_altar
D:3:      layout_loops_ring
D:4:      layout_cave_pods, kennysheep_mini, minmay_temple_entry_junction
D:5:      layout_loops_ring, kennysheep_mini_moat, xom_butterflies,
          lemuel_doored_altar, serial_shops, nicolae_shop_statue_plus
D:6:      layout_cave_pools, lemuel_crystal_altar, serial_shops,
          nicolae_shop_waterfront, uniq_pikel
D:7:      layout_loops_ring, lemuel_coloured_pillars_altar, chei_slow_surprise,
          uniq_menkaure
D:8:      layout_loops_ring, lemuel_round_altar, dpeg_oklobed_lair
D:9:      layout_stronghold, lemuel_crystal_altar, okawaru_humans,
          hiddenorc1_lemuel
D:10:     gammafunk_sealed_arena, layout_basic, uniq_erica

Skill      XL: |  1  2 |
---------------+-------+-----
Dodging        | 4 |  4.1
Stealth        | 1 |  1.0
Fighting       | |  2.9
Short Blades   | |  2.6
Invocations    | |  1.9

Action                   || total
-------------------------++-------
Melee: Short sword       ||    71
  Use: Scroll            ||     6
 Stab: Sleeping          ||     1
Armor: Robe              ||    15
Dodge: Dodged            ||    88
